 Dungeon Crawl Stone Soup version 0.25.1-2-g60ff931df9 (webtiles) character file.

Game seed: 5959641721937731633

57 funkygono the Conjurer (level 3, -1/24 HPs)
             Began as a Demonspawn Conjurer on Nov 1, 2020.
             Slain by an orc
             ... wielding a +4 flail
              (5 damage)
             ... on level 2 of the Dungeon.
             The game lasted 00:03:27 (1696 turns).

funkygono the Conjurer (Demonspawn Conjurer)        Turns: 1696, Time: 00:03:27

Health: -1/24      AC:  3    Str:  8    XL:     3   Next: 73%
Magic:  0/6        EV: 13    Int: 17    God:
Gold:   106        SH:  0    Dex: 13    Spells: 3/6 levels left

rFire    . . .     SeeInvis .   g - +1 whip (elec)
rCold    . . .     Gourm    .   (no shield)
rNeg     . . .     Faith    .   a - +0 robe
rPois    .         Spirit   .   (helmet restricted)
rElec    .         Reflect  .   (no cloak)
rCorr    .         Harm     .   d - +0 pair of gloves
MR       .....                  (no boots)
Stlth    ++........             (no amulet)
HPRegen  0.08/turn              (no ring)
MPRegen  0.10/turn              (no ring)

@: no status effects
A: horns 1
a: no special abilities


You were on level 2 of the Dungeon.
You were not hungry.

You visited 1 branch of the dungeon, and saw 2 of its levels.

You collected 106 gold pieces.

Inventory:

Hand Weapons
 g - a +1 whip of electrocution (weapon)
Missiles
 j - 3 stones (quivered)
Armour
 a - a +0 robe (worn)
 d - a +0 pair of gloves (worn)
Scrolls
 i - a scroll of remove curse
Potions
 e - a potion of stabbing {unknown}
 f - 2 potions of curing {unknown}
 h - a potion of brilliance {unknown}
 k - a potion of berserk rage {unknown}
 l - a potion of resistance {unknown}
 m - 2 potions of degeneration {unknown}
Comestibles
 b - 10 chunks of flesh
 c - 3 rations


   Skills:
 + Level 2.4 Dodging
 - Level 1.7 Stealth
 + Level 2.4 Spellcasting
 + Level 4.7 Conjurations


You had 3 spell levels left.
You knew the following spells:

 Your Spells              Type           Power        Failure   Level  Hunger
a - Magic Dart            Conj           ###.         2%          1    #......
b - Searing Ray           Conj           ###...       4%          2    ##.....

Your spell library contained the following spells:

 Spells                   Type           Power        Failure   Level  Hunger
 Dazzling Flash           Conj/Hex       ##....       21%         3    ###....
 Fulminant Prism          Conj/Hex       ##........   56%         4    #####..
 Iskenderun's Mystic Bla  Conj/Tloc      ##......     56%         4    #####..


Dungeon Overview and Level Annotations

Branches:
Dungeon (2/15)

Altars:


Innate Abilities, Weirdness & Mutations

You have a pair of small horns on your head.


Message History

Press: ? - help, Shift-Dir - straight line, f - orc
Aim: an orc, wielding a +4 flail and wearing a +0 leather armour (wandering, hasn't noticed you)
The magic dart hits the orc.
The orc is heavily wounded.
Casting: Magic Dart (safe; 2% risk of failure)
Confirm with . or Enter, or press ? or * to list all spells.
You don't have enough magic to cast that spell.
Unknown command.
You see here a stone.
Items here: ))) [[ a +0 club x2; a +0 dagger; a +0 animal skin; a +0 helmet The orc hits you with a +4 flail!
* * * LOW HITPOINT WARNING * * *
You barely miss the orc.
The orc is heavily wounded.
The orc hits you but does no damage.
You closely miss the orc.
The orc is heavily wounded.
The orc hits you with a +4 flail.
You die...

## g)
#.##############
#......)o@)()..#
#......###########.#
.####.# #.# #. #.#
.. # #.# #. #.# #...
#.# #.#. #.# #.#.
#.### #.#.


You could see an orc.

Vanquished Creatures
  Robin (D:2)
  2 leopard geckos (D:1)
  An orc (D:2)
  2 giant cockroaches (D:1)
  10 goblins
  6 hobgoblins
  6 kobolds
  6 bats (D:1)
  4 frilled lizards
  3 rats (D:1)
41 creatures vanquished.

Notes
Turn   | Place    | Note
-------+----------+-------------------------------------------
     0 | D:1      | funkygono the Demonspawn Conjurer began the quest for the
                  | Orb.
     0 | D:1      | Reached XP level 1. HP: 13/13 MP: 3/3
   394 | D:1      | Gained mutation: You have a pair of small horns on your
                  | head. [demonic ancestry]
   394 | D:1      | Reached XP level 2. HP: 19/19 MP: 1/5
   398 | D:1      | Learned a level 2 spell: Searing Ray
  1386 | D:1      | Reached XP level 3. HP: 24/24 MP: 4/6
  1624 | D:2      | Noticed Robin
  1643 | D:2      | Killed Robin
  1696 | D:2      | Slain by an orc

Illustrated notes

Levels and vault maps discovered:
D:1:      dpeg_arrival_more_subterranean_lakeside_camping, layout_basic
D:2:      layout_loops_ring, corexii_shack, st_stairs_14,
          minmay_misc_feat_four_crosses, uniq_terence, uniq_robin

Skill      XL: |  1 |
---------------+----+-----
Dodging        | 2 |  2.4
Stealth        | |  1.7
Spellcasting   | |  2.4
Conjurations   | |  4.7

Action                   || total
-------------------------++-------
Melee: Unarmed           ||    14
       Whip              ||    19
       Headbutt          ||     2
 Cast: Magic Dart        ||    52
       Searing Ray       ||     7
  Use: Scroll            ||     2
  Eat: Chunk             ||     4
Armor: Robe              ||    14
Dodge: Dodged            ||    22
